Map: 다크니스 생츄어리 - 래더

Players

TRUE - Winner!

  • Race: Zerg Zerg
  • Spawn Location: 5:00

DnS

  • Race: Protoss Protoss
  • Spawn Location: 7:00

Event: WCS Valencia 2018

VOD

Have the link to the VOD?

Description

Time

  • Played on: July 12, 2018, 2:27 p.m.
  • Length: 17:44

All games in this series

Show
View Real Time Build Order
Export as new Build Order

TRUE Zerg - Winner!

Build Orders: Hatch First 

Get SALT Encoding   

  12  0:00  Drone  
  13  0:12  Overlord  
  13  0:17  Drone  
  14  0:31  Drone  
  14  0:32  Drone  
  16  0:48  Hatchery  
  15  0:51  Drone  
  16  1:05  Spawning Pool  
  16  1:08  Drone  
  16  1:12  Drone  
  16  1:14  Extractor  
  16  1:18  Drone  
  17  1:24  Drone  
  18  1:30  Drone  
  19  1:42  Overlord  
  19  1:52  Zergling x2, Queen  
  22  2:00  Queen, Drone  
  25  2:06  Drone  
  26  2:10  Drone  
  27  2:17  Metabolic Boost  
  27  2:18  Drone  
  27  2:21  Drone  
  29  2:24  Drone  
  30  2:41  Hatchery  
  29  2:47  Queen  
  29  2:50  Drone  
  32  2:53  Drone  
  32  2:56  Overlord  
  33  2:59  Drone  
  33  3:03  Drone  
  33  3:04  Drone  
  36  3:14  Overlord  
  36  3:16  Drone x2  
  36  3:19  Queen  
  38  3:21  Drone  
  38  3:26  Queen  
  43  3:31  Drone  
  43  3:32  Overlord  
  44  3:37  Evolution Chamber, Drone  
  44  3:42  Drone x2  
  44  3:44  Drone  
  44  3:45  Drone  
  44  3:47  Drone  
  49  3:48  Drone  
  49  3:53  Drone  
  51  3:56  Queen  
  51  4:02  Zerg Melee Weapons Level 1  
  53  4:04  Queen  
  54  4:11  Drone x4  
  54  4:14  Drone x2  
  54  4:15  Drone  
  54  4:17  Drone  
  62  4:20  Drone  
  62  4:21  Drone x2  
  65  4:27  Drone  
  65  4:28  Overlord  
  66  4:36  Extractor  
  65  4:40  Baneling Nest, Queen  
  65  4:42  Overlord  
  66  4:46  Overlord  
  66  4:49  Zergling x12  
  66  4:51  Drone  
  66  4:52  Drone  
  74  4:54  Overlord  
  74  4:55  Overlord  
  66  5:10  Zergling x2  
  66  5:11  Zergling x10  
  71  5:16  Zergling x8  
  71  5:19  Zergling x2  
  76  5:25  Zergling x2  
  76  5:26  Zergling x6  
  76  5:27  Zergling x4  
  79  5:28  Zergling x2  
  79  5:29  Zergling x2  
  79  5:30  Zergling x2  
  81  5:38  Zergling x2  
  81  5:39  Zergling x2  
  81  5:45  Zergling x2  
  82  5:51  Baneling x4  
  82  5:52  Zergling x10  
  82  5:55  Zergling x2  
  82  5:56  Queen  
  82  5:57  Queen  
  92  6:04  Zergling x6  
  92  6:06  Zergling x6  
  92  6:10  Baneling x3  
  96  6:12  Zergling x2, Baneling x3  
  96  6:16  Zergling x4  
  98  6:24  Overlord  
  98  6:27  Overlord  
  98  6:28  Zergling x2  
  98  6:29  Overlord, Baneling x4  
  98  6:31  Overlord  
  97  6:33  Baneling  
  97  6:34  Overlord  
  78  6:50  Zergling x16  
  78  6:53  Zergling x2  
  78  6:54  Zergling x6  
  79  7:02  Zergling x4  
  79  7:05  Zergling x6  
  79  7:06  Lair, Zergling x2  
  83  7:09  Drone x2  
  83  7:10  Drone  
  83  7:12  Baneling  
  83  7:13  Baneling x3  
  83  7:15  Baneling  
  86  7:16  Drone x2  
  86  7:17  Drone  
  89  7:23  Roach Warren  
  89  7:24  Drone  
  89  7:25  Drone  
  88  7:35  Drone  
  88  7:36  Drone x4  
  93  7:37  Extractor  
  93  7:42  Zerg Missile Weapons Level 1, Drone x3  
  95  7:47  Drone x2  
  95  7:48  Overlord  
  95  7:53  Overlord  
  95  7:56  Drone x2  
  95  7:57  Drone x4  
  100  7:59  Extractor  
  100  8:04  Glial Reconstitution  
  105  8:05  Roach x3  
  105  8:08  Overlord  
  105  8:09  Roach  
  105  8:11  Overlord  
  107  8:14  Overlord, Roach  
  107  8:15  Roach  
  107  8:19  Roach  
  110  8:21  Baneling  
  110  8:25  Roach  
  112  8:29  Roach  
  112  8:30  Roach  
  112  8:32  Roach  
  116  8:34  Roach  
  116  8:37  Roach  
  116  8:39  Roach  
  116  8:41  Overlord x2  
  122  8:42  Roach  
  122  8:45  Overlord, Roach  
  122  8:46  Roach  
  122  8:48  Overlord  
  128  8:51  Overlord  
  128  8:52  Roach x2  
  128  8:53  Roach  
  134  8:56  Roach  
  134  8:58  Overlord, Roach  
  134  9:02  Roach x2  
  142  9:03  Overlord  
  142  9:04  Roach  
  142  9:07  Roach  
  142  9:22  Extractor, Drone  
  140  9:26  Roach  
  140  9:27  Roach x5  
  140  9:30  Roach  
  140  9:31  Roach x2  
  156  9:33  Roach  
  156  9:34  Roach  
  156  9:38  Roach x2  
  166  9:39  Roach  
  166  9:40  Hatchery  
  166  9:42  Roach  
  166  9:44  Roach  
  171  9:47  Roach  
  171  9:48  Roach  
  171  9:49  Zergling x4  
  171  9:52  Zergling x2  
  176  9:56  Zergling x2  
  176  9:57  Zergling x2  
  176  9:59  Zergling x4  
  179  10:00  Zergling x2  
  179  10:03  Zerg Missile Weapons Level 2  
  179  10:04  Zergling x2  
  180  10:07  Zergling x4  
  180  10:08  Zergling x4  
  180  10:09  Zergling x2  
  180  10:11  Zergling x2  
  180  10:12  Zergling x4  
  188  10:16  Zergling x2  
  188  10:18  Zergling x2  
  190  10:23  Zergling x2  
  190  10:25  Zergling x2  
  187  10:28  Zergling x2  
  187  10:29  Zergling x2  
  187  10:30  Zergling x2  
  187  10:31  Zergling x2  
  187  10:32  Zergling x2  
  187  10:35  Zergling x4  
  194  10:36  Ravager x4  
  194  10:37  Ravager  
  194  10:39  Burrow  
  199  10:43  Zergling x2  
  199  10:44  Zergling x4  
  199  10:45  Zergling x2  
  199  10:46  Zergling x4  
  199  10:49  Zergling x4  
  163  11:00  Roach x4  
  163  11:01  Roach  
  171  11:06  Roach x3  
  171  11:07  Roach x2  
  171  11:08  Roach  
  171  11:09  Roach  
  173  11:14  Zergling x4  
  173  11:15  Zergling x2  
  173  11:16  Zergling x2  
  170  11:24  Zergling x2  
  160  11:25  Zergling x4  
  160  11:28  Zergling x6  
  160  11:30  Zergling x2  
  160  11:31  Ravager  
  160  11:32  Ravager x4  
  171  11:33  Roach x2, Ravager  
  171  11:34  Zergling x6  
  171  11:37  Zergling x6  
  171  11:39  Zergling x2  
  178  11:46  Zergling x2  
  166  11:47  Zergling x2  
  166  11:48  Zergling x2  
  166  11:51  Zergling x2  
  142  11:57  Zergling x4  
  142  11:58  Zergling x4, Drone x2  
  143  12:04  Zergling x2  
  143  12:05  Zergling x4  
  143  12:07  Roach x2  
  150  12:09  Roach  
  150  12:10  Roach x3  
  150  12:15  Roach x2  
  161  12:17  Roach  
  161  12:19  Zerg Melee Weapons Level 2  
  161  12:20  Roach x2  
  161  12:21  Roach x2  
  163  12:23  Roach x2  
  163  12:24  Roach  
  159  12:30  Roach  
  159  12:32  Roach x2  
  159  12:34  Roach x2  
  159  12:35  Roach x2  
  172  12:40  Roach  
  173  12:45  Zergling x6  
  173  12:46  Zergling x4  
  173  12:51  Zergling x4  
  179  12:53  Zergling x4  
  179  12:54  Zergling x2  
  179  12:55  Zergling x2  
  179  12:56  Zergling x2  
  179  12:57  Ravager  
  179  12:58  Ravager x5  
  189  13:04  Zergling x2  
  189  13:05  Zergling x4  
  192  13:07  Zergling x2  
  192  13:11  Zergling x2  
  192  13:12  Zergling x4  
  196  13:13  Zergling x2, Ravager x2  
  195  13:21  Zergling x2  
  195  13:22  Zergling x2  
  195  13:25  Zergling x4  
  175  13:27  Zergling x2  
  175  13:28  Zergling x4  
  175  13:30  Zergling x2  
  175  13:31  Zergling x4  
  165  13:39  Zergling x2  
  151  13:42  Zergling x6  
  151  13:43  Zergling x2  
  151  13:44  Zergling x4  
  151  13:46  Zergling x4  
  151  13:47  Zergling x2  
  151  13:48  Roach  
  146  13:49  Roach x2  
  146  13:50  Roach x3  
  146  13:51  Roach x2  
  146  13:52  Roach  
  146  13:53  Roach x2  
  146  13:54  Roach  
  156  13:56  Roach  
  156  13:57  Roach  
  156  13:59  Roach  
  156  14:01  Ravager  
  163  14:03  Roach  
  165  14:11  Roach  
  167  14:20  Hatchery, Spire  
  167  14:22  Extractor, Zergling x6  
  167  14:25  Zergling x4  
  167  14:26  Zergling x2  
  167  14:27  Zergling x2  
  169  14:32  Zergling x2  
  169  14:34  Zergling x2  
  169  14:37  Zergling x6  
  173  14:41  Zergling x2  
  173  14:42  Extractor, Zergling x4  
  175  14:53  Zergling x8  
  175  14:54  Zergling x2  
  175  14:55  Zergling x2  
  175  14:56  Zergling x4  
  175  14:59  Zergling x2  
  184  15:00  Zergling x10  
  184  15:03  Zergling x4  
  190  15:08  Zergling x2  
  190  15:09  Zergling x2  
  190  15:11  Zergling x2  
  190  15:12  Zergling x2  
  190  15:13  Zergling x2  
  191  15:15  Zergling x2  
  191  15:17  Roach x6  
  189  15:22  Zergling x2  
  169  15:39  Roach x6  
  169  15:40  Mutalisk x8  
  169  15:42  Drone  
  186  15:45  Mutalisk  
  186  15:49  Mutalisk  
  188  15:54  Mutalisk  
  192  16:00  Mutalisk  
  192  16:03  Overseer x2  
  169  16:29  Pneumatized Carapace  
  166  16:33  Mutalisk x2  
  166  16:34  Mutalisk  
  166  16:35  Mutalisk  
  169  16:40  Mutalisk  
  169  16:44  Mutalisk  
  158  17:07  Mutalisk x2  
  160  17:16  Mutalisk  
Show
View Real Time Build Order
Export as new Build Order

DnS Protoss 

Build Orders: 1 Gate Expand, Oracle Opening, Archon Immortal, Zealot Archon 

Get SALT Encoding   

  12  0:00  Probe  
  13  0:12  Probe  
  14  0:18  Pylon  
  14  0:24  Probe  
  15  0:32  Probe  
  15  0:40  Gateway, Probe  
  16  0:48  Assimilator  
  17  0:51  Probe  
  18  1:03  Probe  
  19  1:15  Probe  
  20  1:25  Nexus  
  20  1:34  Cybernetics Core  
  20  1:37  Probe  
  21  1:45  Assimilator  
  21  1:49  Probe  
  21  1:52  Pylon  
  22  2:01  Probe  
  22  2:02  Adept  
  23  2:09  Probe  
  25  2:17  Probe  
  25  2:21  Stargate  
  26  2:28  Adept, Probe  
  29  2:35  Probe  
  29  2:38  Warp Gate  
  29  2:40  Probe  
  29  2:43  Probe  
  32  2:52  Probe  
  32  2:53  Probe  
  36  2:58  Adept  
  36  2:59  Oracle  
  36  3:04  Probe  
  36  3:05  Probe  
  41  3:16  Probe  
  41  3:17  Probe  
  41  3:19  Pylon  
  43  3:25  Gateway  
  43  3:28  Oracle, Probe  
  43  3:29  Probe  
  45  3:36  Gateway  
  45  3:41  Adept  
  50  3:45  Assimilator  
  50  3:47  Probe  
  51  3:50  Probe  
  51  3:52  Pylon  
  51  3:54  Pylon  
  52  4:00  Probe  
  52  4:02  Probe  
  54  4:10  Phoenix  
  54  4:11  Pylon  
  54  4:12  Probe  
  57  4:19  Probe  
  57  4:22  Pylon  
  58  4:32  Probe  
  58  4:33  Probe  
  60  4:41  Adept x3  
  60  4:45  Nexus  
  66  4:47  Pylon  
  66  4:53  Probe x2  
  66  4:56  Assimilator  
  64  5:07  Adept x3  
  64  5:09  Probe  
  64  5:13  Twilight Council  
  71  5:15  Forge  
  71  5:20  Robotics Facility  
  69  5:31  Protoss Ground Weapons Level 1, Charge, Sentry x3  
  69  5:32  Probe x2  
  76  5:44  Probe x2  
  78  5:56  Probe  
  76  5:59  Probe  
  76  6:00  Probe  
  78  6:07  Gateway  
  78  6:09  Gateway, Observer  
  78  6:11  Gateway  
  79  6:13  Gateway x2, Pylon  
  79  6:16  Oracle  
  76  6:19  Templar Archives  
  76  6:20  Zealot x3  
  78  6:43  Zealot x3  
  78  6:44  Immortal  
  78  6:46  Pylon  
  60  7:06  Zealot x3  
  66  7:10  Zealot x3, High Templar x2  
  66  7:15  Archon  
  76  7:16  Warp Prism  
  76  7:18  Pylon  
  78  7:33  Zealot x2, High Templar x2  
  78  7:34  Zealot  
  88  7:37  Archon  
  88  7:58  Nexus  
  88  7:59  High Templar x2  
  88  8:00  Zealot x3  
  88  8:01  Protoss Ground Weapons Level 2  
  88  8:04  Archon, Pylon  
  98  8:16  Probe x2  
  100  8:20  Pylon x2  
  98  8:29  Probe x2  
  98  8:32  Pylon  
  99  8:36  Immortal  
  99  8:44  Probe x2  
  105  8:53  Zealot, High Templar x2  
  111  8:56  Probe  
  111  8:58  Archon  
  111  8:59  Probe  
  113  9:03  Pylon  
  113  9:09  Probe  
  114  9:11  Probe  
  114  9:13  Immortal  
  113  9:21  Probe  
  118  9:25  Probe  
  118  9:26  Probe  
  120  9:35  Assimilator  
  120  9:37  Assimilator  
  120  9:41  Sentry x3, Zealot x3  
  132  9:49  Immortal  
  134  10:07  Probe  
  134  10:08  Probe  
  134  10:09  Phoenix  
  134  10:10  Photon Cannon, Assimilator  
  134  10:11  Assimilator  
  138  10:15  Immortal  
  134  10:30  Zealot  
  134  10:31  Zealot x6  
  141  10:50  Immortal  
  141  10:51  Zealot x5  
  141  10:52  Zealot x3  
  147  11:04  Probe  
  147  11:05  Probe  
  147  11:07  Phoenix  
  149  11:13  Zealot x4  
  147  11:21  Sentry x3  
  143  11:26  Immortal  
  143  11:27  Protoss Ground Weapons Level 3, Probe x2  
  145  11:51  Zealot x8  
  129  11:58  Immortal  
  127  12:12  High Templar x2  
  127  12:13  High Templar x2  
  127  12:14  Zealot x2  
  139  12:17  Archon  
  139  12:18  Archon  
  139  12:21  Pylon  
  121  12:28  Probe x3  
  121  12:29  Zealot x2  
  120  12:40  Probe  
  120  12:42  High Templar  
  120  12:43  High Templar  
  125  12:46  Observer  
  125  12:47  Archon  
  122  13:05  Immortal  
  121  13:08  High Templar x4  
  121  13:11  Zealot  
  121  13:12  Zealot, Archon x2  
  133  13:22  Zealot x2  
  97  13:35  Sentry x2  
  97  13:37  Oracle  
  97  13:42  Zealot x5  
  105  13:52  Zealot  
  97  13:58  Dark Shrine  
  97  14:02  Zealot x2, High Templar x2  
  103  14:03  Zealot x2  
  103  14:07  Archon  
  109  14:11  Zealot  
  111  14:24  Pylon  
  111  14:27  High Templar x2  
  111  14:28  High Templar x2  
  111  14:30  Immortal  
  119  14:33  Archon x2  
  119  14:38  Nexus  
  123  14:48  Pylon  
  125  15:06  Zealot x2  
  125  15:07  Zealot x2  
  129  15:09  Zealot  
  129  15:10  Zealot x3  
  113  15:26  Probe x3  
  108  15:34  Probe x3  
  94  15:41  Dark Templar x2  
  94  15:42  Probe x3  
  101  15:45  Dark Templar  
  106  15:52  Dark Templar  
  106  15:53  Probe x2  
  110  15:59  Zealot  
  110  16:00  Probe  
  110  16:03  Phoenix  
  113  16:05  Probe x2  
  100  16:19  Dark Templar  
  100  16:23  Probe  
  100  16:24  Probe x2  
  98  16:26  Phoenix  
  98  16:36  Probe x2  
  94  16:40  Probe  
  94  16:43  High Templar x2  
  94  16:45  Phoenix  
  94  16:46  Archon  
  99  16:48  Probe x2  
  87  17:05  Probe x3  
  87  17:08  Dark Templar  
  87  17:14  Probe  
  87  17:17  Probe  
  87  17:19  Probe  
  85  17:30  High Templar x2  
  85  17:35  Archon  
Tags
 
Add a new tag
Caveats
  • Supply blocks, unpowered buildings, or Contaminate may cause inaccurate times.
  • Supply counts are checked every 10 seconds.